 Dungeon Crawl Stone Soup version 0.30.1-1-g62c8e00024 (webtiles) character file.

Game seed: 2706900906519248377

88 boopmooplesden the Twirler (level 4, -3/33 HPs)
             Began as a Demonspawn Gladiator on July 16, 2023.
             Slain by an ogre
             ... wielding a +0 giant club
              (19 damage)
             ... on level 4 of the Dungeon.
             The game lasted 00:03:13 (2501 turns).

boopmooplesden the Twirler (Demonspawn Gladiator)   Turns: 2501, Time: 00:03:13

Health: -3/33      AC:  8    Str: 16    XL:     4   Next: 29%
Magic:  4/4        EV: 11    Int:  9    God:
Gold:   126        SH:  0    Dex: 15    Spells: 3/3 levels left

rFire   . . .        a - +0 quarterstaff (flame)
rCold   . . .        (shield currently unavailable)
rNeg    . . .        i - +0 ring mail
rPois   .            c - +1 helmet
rElec   .            (no cloak)
rCorr   .            (no gloves)
SInv    .            (no boots)
Will    .....        (no amulet)
Stlth   +            (no ring)
HPRegen 0.25/turn    (no ring)
MPRegen 0.09/turn

%: no passive effects
@: weakened
A: rugged brown scales 1, ignite blood 1, powered by death 1
a: no special abilities


You were on level 4 of the Dungeon.
You visited 1 branch of the dungeon, and saw 4 of its levels.

You collected 126 gold pieces.

Inventory:

Hand Weapons
 a - a +0 quarterstaff of flaming (weapon)
Missiles
 e - a javelin (quivered)
 g - 3 throwing nets
Armour
 b - a +0 leather armour
 c - a +1 helmet (worn)
 i - a +0 ring mail (worn)
Jewellery
 j - a +5 ring of evasion
Scrolls
 h - a scroll of identify
 o - a scroll of brand weapon
Potions
 d - a potion of might
 f - a potion of curing
 k - a potion of heal wounds
 l - 2 potions of degeneration {unknown}
 m - a potion of ambrosia {unknown}


   Skills:
 + Level 2.2 Fighting
 + Level 3.7 Staves
 + Level 2.0 Throwing
 + Level 1.1 Armour
 + Level 3.1 Dodging
 + Level 0.6 Stealth


You had 3 spell levels left.
You didn't know any spells.
Your spell library contained the following spells:

 Spells                   Type           Power      Damage    Failure   Level
 Beastly Appendage        Tmut           0%         N/A       61%         1
 Freeze                   Ice            0%         1d3       61%         1
 Sandblast                Erth           0%         2d4       61%         1
 Passwall                 Tmut/Erth      0%         N/A       75%         2
 Frozen Ramparts          Ice            0%         1d1       93%         3
 Hailstorm                Conj/Ice       0%         3d3       93%         3
 Stone Arrow              Conj/Erth      0%         3d7       93%         3


Dungeon Overview and Level Annotations

Branches:
Dungeon (4/15)
 Temple: D:4-7

Altars:
Cheibriados
Nemelex Xobeh
Wu Jian

Shops:
D:2 :


Innate Abilities, Weirdness & Mutations

You are partially covered in rugged brown scales. (AC +1, +3% HP)
Your demonic aura sometimes causes spilled blood to erupt in flames.
You regenerate a little health from kills.


Message History

What level of the Dungeon? (default 1, ? - help)
Your surroundings suddenly seem different.
There is a stone staircase leading down here.
You climb downwards.
You hear the sound of rushing water.
There is an entrance to a sewer on this level.
Hurry and find it before the portal rusts away!
There is a stone staircase leading up here.
You start waiting.
You hear the slow rusting of a very distant drain.
You open the door.
A gnoll bouda, 2 gnolls and an ogre come into view.
The gnoll bouda shouts!
The gnoll shouts!
The ogre shouts!
You hear a shout!
The gnoll bouda gazes fiercely through you!
You feel your attacks grow feeble.
Found a glowing cyan potion.
A hobgoblin, a gnoll and a kobold come into view.
Found 3 gold pieces and a scroll of amnesia.
The hobgoblin shouts!
The gnoll shouts!
The kobold shouts!
You hear a shout!
A gnoll comes into view. It is wielding a +0 club.
There is an open door here.
An orc and a gnoll come into view.
The orc shouts!
The gnoll shouts! x2
The ogre hits you with a +0 giant club! The gnoll barely misses you.
The hobgoblin barely misses you.
The gnoll bouda barks out a call to the hunt!
The gnolls pick up the pace!
The kobold closely misses you. The gnoll closely misses you.
The hobgoblin hits you but does no damage.
The gnoll attacks as you move away! The gnoll hits you with a +0 flail.
The hobgoblin attacks as you move away!
The hobgoblin hits you but does no damage.
The ogre misses you.
The kobold throws a stone.
The stone hits you but does no damage.
The gnoll bouda gazes fiercely through you!
You feel as though you will be weak longer.
There is an open door here.
The ogre attacks as you move away!
The ogre hits you with a +0 giant club!!
Ouch! That really hurt!
You die...

..# #.# #<# #.#
#.# #.#######
##.......#
#..#####.#
########@#######
#.....g○Og.$..#
#.....Kgg.....#
#.........g...#
#....o.8.g.g..#
#....##.##....#
#.... .!. ....#
#...8 .8? 8...#
#... ... ...#


You could see an ogre, a gnoll bouda, 5 gnolls, an orc, a hobgoblin and a
kobold.

Vanquished Creatures
  2 adders
  A gnoll (D:1)
  6 ball pythons
  8 bats
  5 endoplasms
  A giant cockroach (D:3)
  2 goblins (D:1)
  7 hobgoblins
  3 jackals (D:1)
  8 kobolds
  2 quokkas
  6 frilled lizards
  8 rats
59 creatures vanquished.

Notes
Turn   | Place    | Note
-------+----------+-------------------------------------------
     0 | D:1      | boopmooplesden the Demonspawn Gladiator began the quest for
                  | the Orb.
     0 | D:1      | Reached XP level 1. HP: 16/16 MP: 1/1
   113 | D:1      | Gained mutation: Your demonic aura sometimes causes spilled
                  | blood to erupt in flames. [demonic ancestry]
   113 | D:1      | Reached XP level 2. HP: 1/22 MP: 2/2
   314 | D:1      | Gained mutation: You regenerate a little health from kills.
                  | [demonic ancestry]
   314 | D:1      | Reached XP level 3. HP: 27/27 MP: 3/3
   822 | D:2      | Found Yckih's Book Emporium.
  1138 | D:2      | Found an ornate altar of the Wu Jian Council.
  1638 | D:2      | Gained mutation: You are partially covered in rugged brown
                  | scales. (AC +1, +3% HP) [demonic ancestry]
  1638 | D:2      | Reached XP level 4. HP: 24/33 MP: 4/4
  2050 | D:3      | Reached skill level 1 in Armour
  2136 | D:3      | Found a sparkling altar of Nemelex Xobeh.
  2183 | D:3      | Found a snail-covered altar of Cheibriados.
  2292 | D:3      | Found a faded altar of an unknown god.
  2295 | D:3      | Got Plato's Almanac of Configuration
  2495 | D:4      | Noticed an ogre
  2501 | D:4      | Slain by an ogre

Illustrated notes

Levels and vault maps discovered:
D:1:      lightli_arrival_statue_moat, layout_basic
D:2:      layout_basic, serial_shops, nicolae_shop_hallway_plus, basic_altar
D:3:      layout_loops_ring, general_overflow_altar, mainiacjoe_overflow_paths,
          elyvilon_altar_1, shapermc_ecumenical_altar_rom_forum,
          minmay_misc_feat_five
D:4:      layout_loops_ring, nzn_wu_jian_contemplation, kennysheep_mini_moat,
          minmay_temple_entry_proselytizer, cheibrodos_sewer_entry_drain,
          kennysheep_generic_room_2, uniq_menkaure, uniq_edmund, uniq_grinder

Skill      XL: |  1  2  3  4 |
---------------+-------------+-----
Staves         | 3 |  3.7
Dodging        | 3 |  3.1
Throwing       | 2 |  2.0
Armour         | 1 |  1.1
Fighting       | |  2.2
Stealth        | |  0.6

Action                     |  1- 3 |  4- 6 || total
---------------------------+-------+-------++-------
  Melee: Quarterstaff      |   108 |    37 ||   145
  Throw: Throwing net      |     3 |       ||     3
    Use: Scroll            |     3 |     4 ||     7
   Stab: Sleeping          |     3 |       ||     3
 Armour: Leather armour    |    49 |       ||    49
         Ring mail         |       |    26 ||    26
  Dodge: Dodged            |    83 |    33 ||   116
